 Dungeon Crawl Stone Soup version 0.30-a0-313-gae38170b09 (webtiles) character file.

Game seed: 13555754215241717184

312 koil the Shooter (level 6, -3/32 HPs)
             Began as a Spriggan Hunter on Oct 26, 2022.
             Killed from afar by Blork the orc (9 damage)
             ... with a magic dart
             ... on level 4 of the Dungeon.
             The game lasted 00:08:20 (3114 turns).

koil the Shooter (Spriggan Hunter)                  Turns: 3114, Time: 00:08:20

Health: -3/32      AC:  2    Str: 13    XL:     6   Next: 18%
Magic:  11/11      EV: 19    Int: 11    God:
Gold:   166        SH:  0    Dex: 20    Spells: 6/10 levels left

rFire   . . .      SeeInvis +    a - +0 shortbow
rCold   . . .      Faith    .    (shield currently unavailable)
rNeg    . . .      Spirit   .    c - +0 robe
rPois   .          Reflect  .    (helmet restricted)
rElec   .          Harm     .    (no cloak)
rCorr   .          Rampage  .    (gloves unavailable)
Will    +....                    (boots unavailable)
Stlth   +++.......               r - amulet of magic regeneration
HPRegen 0.25/turn                g - +6 ring of strength
MPRegen 0.52/turn                (no ring)

@: very quick
A: very small, no large weapons, unfitting armour, see invisible, speed 3
a: no special abilities


You were on level 4 of the Dungeon.
You visited 1 branch of the dungeon, and saw 4 of its levels.

You collected 166 gold pieces.

Inventory:

Hand Weapons
 a - a +0 shortbow (weapon)
Missiles
 m - 7 poisoned darts
Armour
 c - a +0 robe (worn)
Magical Staves
 p - a staff of air
Jewellery
 g - a +6 ring of strength (left hand)
 j - an amulet of faith
 q - an amulet of the acrobat
 r - an amulet of magic regeneration (around neck)
Scrolls
 b - a scroll of immolation
 d - 5 scrolls of identify {unknown}
 h - 4 scrolls of teleportation {unknown}
 k - 2 scrolls of butterflies {unknown}
 n - a scroll of enchant weapon {unknown}
 o - a scroll of magic mapping {unknown}
 t - a scroll of poison {unknown}
Potions
 e - 3 potions of curing {unknown}
 f - 3 potions of brilliance {unknown}
 i - 4 potions of heal wounds {unknown}
 l - 3 potions of haste {unknown}
 s - a potion of attraction {unknown}
 u - a potion of berserk rage {unknown}


   Skills:
 + Level 2.5 Fighting
 + Level 4.6 Ranged Weapons
 + Level 4.1 Dodging
 + Level 4.0 Stealth
 + Level 2.7 Spellcasting
 + Level 1.6 Necromancy
 + Level 1.7 Poison Magic


You had 6 spell levels left.
You knew the following spells:

 Your Spells              Type           Power      Damage    Failure   Level
a - Poisonous Vapours     Pois/Air       6%         N/A       28%         2
b - Cigotuvi's Dreadful   Necr/Pois/Air  8%         N/A       26%         2

Your spell library contained the following spells:

 Spells                   Type           Power      Damage    Failure   Level
 Mephitic Cloud           Conj/Pois/Air  2%         N/A       54%         3


Dungeon Overview and Level Annotations

Branches:
Dungeon (4/15)
 Temple: D:4-7

Altars:
Vehumet

Shops:
D:4 =

Annotations:
D:4 Blork the orc


Innate Abilities, Weirdness & Mutations

You are very small and have problems with some larger weapons.
You are too small for most types of armour.
You have supernaturally acute eyesight. (SInv)
You cover ground extremely quickly. (Speed+++)


Message History

Blork the orc is moderately wounded.
Blork the orc misses you.
Throw: 11 darts (poison)
Press: ? - help, Shift-Dir - straight line, f/p - Blork the orc
Aim: Blork the orc, wielding a +0 glaive and wearing a +0 robe (moderately wounded, fast, very poisoned, 66% to hit)
You throw a poisoned dart. The poisoned dart hits Blork the orc.
Blork the orc looks even sicker.
Blork the orc is moderately wounded.
Blork the orc screams, "I'll decorate my home with your organs!"
Blork the orc completely misses you. x2
You see here a +0 dagger.
Blork the orc casts a spell at you. The puff of frost hits you.
Throw: 10 darts (poison)
Press: ? - help, Shift-Dir - straight line, f/p - Blork the orc
Aim: Blork the orc, wielding a +0 glaive and wearing a +0 robe (heavily wounded, fast, very poisoned, 66% to hit)
You throw a poisoned dart.
The poisoned dart closely misses Blork the orc.
Throw: 9 darts (poison)
Press: ? - help, Shift-Dir - straight line, f/p - Blork the orc
Aim: Blork the orc, wielding a +0 glaive and wearing a +0 robe (heavily wounded, fast, very poisoned, 66% to hit)
You throw a poisoned dart. The poisoned dart hits Blork the orc.
Blork the orc looks even sicker.
Blork the orc is heavily wounded.
Blork the orc closely misses you.
Throw: 8 darts (poison)
Press: ? - help, Shift-Dir - straight line, f/p - Blork the orc
Aim: Blork the orc, wielding a +0 glaive and wearing a +0 robe (heavily wounded, fast, very poisoned, 66% to hit)
You throw a poisoned dart.
The poisoned dart barely misses Blork the orc.
Blork the orc hits you from afar with a +0 glaive.
Blork the orc gestures at you while chanting.
The magic dart hits you.
Blork the orc gestures at you while chanting.
The puff of flame hits you!
* * * LOW HITPOINT WARNING * * *
You see here a +0 leather armour.
Blork the orc casts a spell at you. The magic dart hits you!
You die...

#########...#.#####
#.........#.......#
#.#######...#####.# #.#
#....o.## #.# #.# #.#########
#.# #.# #[# #...# #(# #.# #o#
#...# #.# #.# #.#####...###.#
### #.###.#....@......#
..####.....o#......>..(#####
#..∩.......###...............
#.........>.#........#.######
.........#.....#..(#####
##.#####.#.#.#.#...# ##.#
#.....((.(.## ##.##
###.#.#.##.#
##..#####......##.##


You could see Blork the orc (poisoned).

Vanquished Creatures
  2 phantoms (D:4)
  A hound (D:4)
  An iguana (D:4)
  5 adders
  A worm (D:4)
  4 dart slugs
  2 orcs
  6 ball pythons
  9 endoplasms
  A giant cockroach (D:1)
  2 goblins
  3 hobgoblins
  A jackal (D:3)
  5 quokkas
  6 bats
  A frilled lizard (D:3)
  3 kobolds
  3 rats (D:3)
56 creatures vanquished.

Notes
Turn   | Place    | Note
-------+----------+-------------------------------------------
     0 | D:1      | koil the Spriggan Hunter began the quest for the Orb.
     0 | D:1      | Reached XP level 1. HP: 10/10 MP: 2/2
    48 | D:1      | Reached XP level 2. HP: 15/15 MP: 3/3
   217 | D:1      | Reached skill level 1 in Spellcasting
   457 | D:1      | Learned a level 2 spell: Poisonous Vapours
  1099 | D:2      | Reached XP level 3. HP: 18/18 MP: 5/5
  1102 | D:2      | Learned a level 2 spell: Cigotuvi's Dreadful Rot
  1621 | D:3      | Found a radiant altar of Vehumet.
  1815 | D:3      | Reached XP level 4. HP: 23/23 MP: 7/7
  2282 | D:4      | Noticed a phantom
  2322 | D:4      | Killed a phantom
  2323 | D:4      | Reached skill level 1 in Necromancy
  2323 | D:4      | Reached skill level 1 in Poison Magic
  2323 | D:4      | Reached XP level 5. HP: 14/26 MP: 7/9
  2429 | D:4      | Found Vout's Jewellery Shoppe.
  2429 | D:4      | Noticed a phantom
  2460 | D:4      | Killed a phantom
  2547 | D:4      | Noticed Blork the orc
  2835 | D:4      | Reached XP level 6. HP: 32/32 MP: 10/10
  3114 | D:4      | Killed from afar by Blork the orc

Illustrated notes

Levels and vault maps discovered:
D:1:      nicolae_arrival_memento_mori, layout_basic
D:2:      layout_loops_cross
D:3:      minmay_inner_zag, layout_loops_cross, mainiacjoe_overflow_catwalk
D:4:      layout_loops_ring, marbit_many_paths, serial_shops, shop,
          uniq_blork_the_orc

Skill      XL: |  1  2  3  4  5  6 |
---------------+-------------------+-----
Stealth        | 2 3 4 |  4.0
Dodging        | 3 4 |  4.1
Spellcasting   | 1 2 |  2.7
Fighting       | 2 |  2.5
Necromancy     | 1 |  1.6
Poison Magic   | 1 |  1.7
Ranged Weapons | |  4.6

Action                   |  1- 3 |  4- 6 || total
-------------------------+-------+-------++-------
 Fire: Shortbow          |   112 |    85 ||   197
Throw: Dart              |       |    12 ||    12
Armor: Robe              |    16 |     4 ||    20
Dodge: Dodged            |    44 |    40 ||    84

Table legend: (Time is in decaauts)
 A = Elapsed time spent in this place.
 B = Non-inter-level travel time spent in this place.
 C = Inter-level travel time spent in this place.
 D = Time resting spent in this place.
 E = Time spent auto-exploring this place.
 F = Levels seen in this place.
 G = Mean time per level.
                   A        B        C        D        E       F      G
               +--------+--------+--------+--------+--------+-----+--------+
         Total |   2147 |   2054 |     93 |     79 |   1518 |   4 |  536.8 |
       Dungeon |   2147 |   2054 |     93 |     79 |   1518 |   4 |  536.8 |
               +--------+--------+--------+--------+--------+-----+--------+

Top non-repeatable levels by time:
     D:3: 707 daAuts
     D:4: 590 daAuts
     D:1: 460 daAuts
     D:2: 389 daAuts
